 Dungeon Crawl Stone Soup version 0.17-a0-1430-g49fde19 (webtiles) character file.

287 urechis the Twirler (level 6, -2/37 HPs)
             Began as a Tengu Gladiator on June 25, 2015.
             Shot with an arrow by a centaur (5 damage)
             ... on level 5 of the Dungeon.
             The game lasted 00:09:17 (4329 turns).

urechis the Twirler (Tengu Gladiator)               Turns: 4329, Time: 00:09:18

Health: -2/37      AC:  7    Str: 16    XL:     6   Next: 30%
Magic:  7/7        EV: 13    Int:  8    God:
Gold:   183        SH:  0    Dex: 16    Spells: 0 memorised, 5 levels left

rFire  . . .     SeeInvis .     a - +0 quarterstaff
rCold  + . .     Clarity  .     v - +0 ring mail
rNeg   . . .     SustAt   .     (no shield)
rPois  .         Gourm    .     c - +0 hat
rElec  .         Spirit   .     k - +0 cloak
rCorr  .         Warding  .     (no gloves)
rMut   .         Stasis   .     (boots unavailable)
MR     .....                    (no amulet)
Stlth  +.........               (no ring)
                                u - ring of protection from cold

@: not resistant to hostile enchantments, very unstealthy
A: beak, talons 3, able to fly 1
a: Fly


You were on level 5 of the Dungeon.
You were very hungry.

You visited 1 branch of the dungeon, and saw 5 of its levels.

You collected 183 gold pieces.

Inventory:

Hand weapons
 a - a +0 quarterstaff (weapon)
Missiles
 e - 3 throwing nets (quivered)
Armour
 c - a +0 hat (worn)
 k - a +0 cloak (worn)
 v - a +0 ring mail (worn)
Jewellery
 u - a ring of protection from cold (left hand)
 y - a +3 ring of dexterity {unknown}
Scrolls
 f - 2 scrolls of recharging {unknown}
 i - a scroll of noise {unknown}
 j - 2 scrolls of enchant weapon {unknown}
 l - a scroll of identify {unknown}
 n - 3 scrolls of random uselessness {unknown}
 p - a scroll of teleportation {unknown}
 r - a scroll of enchant armour {unknown}
Potions
 b - 2 potions of heal wounds {unknown}
 g - 2 potions of flight {unknown}
 m - a potion of curing {unknown}
 o - a potion of agility {unknown}
 q - 2 potions of brilliance {unknown}
 s - a potion of magic {unknown}
 x - a potion of poison {unknown}
Books
 t - a book of Clouds

   Spells                             Type                      Level
   a - Mephitic Cloud                 Conjuration/Poison/Air       3
   b - Conjure Flame                  Conjuration/Fire             3
   c - Poisonous Cloud                Conjuration/Poison/Air       6
   d - Freezing Cloud                 Conjuration/Ice/Air          6
   e - Ring of Flames                 Charms/Fire                  7
Comestibles
 d - 3 bread rations
 h - 2 beef jerkies
 w - a slice of pizza


   Skills:
 + Level 3.3 Fighting
 + Level 4.4 Staves
 * Level 2.1 Throwing
 - Level 4.0 Armour
 + Level 4.4 Dodging


You had 5 spell levels left.
You didn't know any spells.

Dungeon Overview and Level Annotations

Branches:
Dungeon (5/15)
 Temple: D:4-7

Altars:
Cheibriados
Kikubaaqudgha
Ru
Vehumet
Zin

Annotations:
D:4 pulse's ghost, average FoFi


Innate Abilities, Weirdness & Mutations

You have a beak for a mouth.
You have claws for feet.
You can fly.


Message History

The centaur shoots an arrow.
The arrow barely misses you.
You barely miss the kobold.
The centaur shoots an arrow.
The arrow hits you. The arrow burns you.
The kobold hits you with a short sword.
The centaur shoots an arrow.
The arrow completely misses you.
You sock the kobold!
You kill the kobold!
The centaur shoots an arrow.
The arrow closely misses you. The hound skeleton closely misses you.
You sock the hound skeleton! You claw the hound skeleton.
You peck the hound skeleton.
The centaur shoots an arrow.
The arrow hits you! The arrow burns you.
* * * LOW HITPOINT WARNING * * *
The hound skeleton misses you.
The centaur shoots an arrow.
The arrow hits you.
* * * LOW HITPOINT WARNING * * *
The arrow burns you.
* * * LOW HITPOINT WARNING * * *
You hit the hound skeleton. You claw the hound skeleton.
You destroy the hound skeleton!
The centaur shoots an arrow.
The arrow hits you.
You die...

#####.###
#.........#
..........(
#.#.....#.#
........#.#
#)#...c.#.#
..<...).#.#
#@#.##
#.<..#
#.........
##...###.#
..)...
###(### .#
.# /#


You could see a centaur.

Vanquished Creatures
  A giant frog (D:4)
  A centaur skeleton (D:4)
  A worker ant (D:4)
  An iguana (D:4)
  A hound skeleton (D:5)
  3 adders
  2 adder skeletons (D:4)
  4 worms
  3 giant geckos
  6 orcs (D:3)
  A ball python (D:4)
  A bat skeleton (D:4)
  8 goblins
  12 hobgoblins
  8 jackals
  5 quokkas
  7 bats
  4 giant cockroaches
  2 giant newts
  5 kobolds
  A quokka skeleton (D:4)
  8 rats
85 creatures vanquished.

Notes
Turn   | Place    | Note
--------------------------------------------------------------
     0 | D:1      | urechis the Tengu Gladiator began the quest for the Orb.
     0 | D:1      | Reached XP level 1. HP: 12/12 MP: 2/2
   378 | D:1      | Reached XP level 2. HP: 9/17 MP: 3/3
   819 | D:2      | Reached skill level 1 in Armour
   993 | D:2      | Reached XP level 3. HP: 19/21 MP: 4/4
  1475 | D:3      | Reached XP level 4. HP: 13/27 MP: 5/5
  1738 | D:3      | Reached skill level 4 in Dodging
  1884 | D:3      | Found a radiant altar of Vehumet.
  2055 | D:3      | Found an ancient bone altar of Kikubaaqudgha.
  2055 | D:3      | Found a sacrificial altar of Ru.
  2056 | D:3      | Found a snail-covered altar of Cheibriados.
  2255 | D:4      | Noticed pulse's ghost (average FoFi)
  2518 | D:4      | Gained mutation: You can fly. [Tengu growth]
  2518 | D:4      | Reached XP level 5. HP: 17/32 MP: 6/6
  3614 | D:4      | Found a glowing silver altar of Zin.
  3932 | D:4      | Noticed a giant frog
  3938 | D:4      | Killed a giant frog
  3938 | D:4      | Reached XP level 6. HP: 18/37 MP: 7/7
  4319 | D:5      | Entered Level 5 of the Dungeon
  4329 | D:5      | Shot with an arrow by a centaur

Vault maps used:
D:1:      dpeg_arrival_round_a
D:2:      nicolae_overflow_hidden_temple
D:3:      gammafunk_temple_overflow_claw, vehumet_crystals
D:4:      kennysheep_little_box, first_bread
D:5:      lemuel_crystal_altar, minmay_misc_feat_tower, uniq_eustachio

Action                   |  1- 3 |  4- 6 || total
-------------------------+-------+-------++-------
Melee: Quarterstaff      |    95 |   194 ||   289
  Eat: Chunk             |     2 |     2 ||     4
       Bread ration      |       |     1 ||     1
       Pizza             |       |     1 ||     1
